 Dungeon Crawl Stone Soup version 0.30-a0-883-g5ad918d77d (webtiles) character file.

Game seed: 7670822073451087975

156 howech the Sneak (level 5, -1/31 HPs)
             Began as an Octopode Enchanter on Mar 16, 2023.
             Slain by a scorpion (6 damage)
             ... on level 4 of the Dungeon.
             The game lasted 00:11:40 (2996 turns).

howech the Sneak (Octopode Enchanter)               Turns: 2996, Time: 00:11:40

Health: -1/31      AC:  1    Str:  7    XL:     5   Next: 37%
Magic:  1/8        EV: 13    Int: 20    God:
Gold:   101        SH:  0    Dex: 12    Spells: 3/9 levels left

rFire   . . .      SeeInvis .    a - +2 dagger (heavy)
rCold   . . .      Faith    .    (no shield)
rNeg    . . .      Spirit   .    (helmet restricted)
rPois   .          Reflect  .    (no amulet)
rElec   .          Rampage  .    (no ring)
rCorr   .                        (no ring)
Will    .....                    (no ring)
Stlth   ++++                     (no ring)
HPRegen 0.25/turn                (no ring)
MPRegen 0.11/turn                (no ring)
                                 (no ring)
                                 (no ring)

@: lethally poisoned (-1 -> -19)
A: almost no armour, amphibious, 8 rings, camouflage 1, gelatinous body 1,
(nimble swimmer 1), tentacles
a: no special abilities


You were on level 4 of the Dungeon.
You visited 1 branch of the dungeon, and saw 4 of its levels.

You collected 181 gold pieces.
You spent 80 gold pieces at shops.

Inventory:

Hand Weapons
 a - a +2 heavy dagger (weapon)
 m - a +0 short sword of venom
Missiles
 i - 7 poisoned darts (quivered)
Wands
 o - a wand of roots (6)
Scrolls
 c - 2 scrolls of identify
 d - a scroll of magic mapping
 g - a scroll of blinking
Potions
 b - a potion of invisibility
 e - a potion of cancellation
 f - a potion of might
 h - 2 potions of brilliance
 j - 2 potions of heal wounds
 l - 2 potions of flight
 n - 2 potions of curing


   Skills:
 + Level 2.0 Short Blades
 + Level 2.8 Dodging
 * Level 5.7 Stealth
 + Level 2.5 Spellcasting
 + Level 3.5 Hexes
 + Level 1.3 Ice Magic


You had 3 spell levels left.
You knew the following spells:

 Your Spells              Type           Power      Damage    Failure   Level
a - Ensorcelled Hibernat  Hex/Ice        24%        N/A       9%          2
b - Slow                  Hex            64%        N/A       3%          1
c - Dazzling Flash        Conj/Hex       18%        N/A       22%         3

Your spell library contained the following spells:

 Spells                   Type           Power      Damage    Failure   Level
 Confusing Touch          Hex            16%        N/A       11%         3
 Tukima's Dance           Hex            16%        N/A       11%         3
 Magic Dart               Conj           8%         1d3       16%         1
 Call Imp                 Summ           2%         N/A       22%         2
 Mephitic Cloud           Conj/Pois/Air  2%         N/A       41%         3
 Vampiric Draining        Necr           2%         2d6       41%         3


Dungeon Overview and Level Annotations

Branches:
Dungeon (4/15)
 Temple: D:4-7

Altars:
Hepliaklqana
Okawaru
Vehumet

Shops:
D:3 !


Innate Abilities, Weirdness & Mutations

You cannot wear most types of armour.
You are amphibious.
You can wear up to eight rings at the same time.
Your skin changes colour to match your surroundings (Stealth+).
Your rubbery body absorbs attacks. (AC +1, EV +1)
((You are camouflaged when in or above water. (Stealth+)))
You have tentacles for arms and can constrict up to eight enemies at once.


Message History

Press: ? - help, Shift-Dir - straight line, f/p - orc wizard
Aim: an orc wizard, wielding a +0 dagger and wearing a +0 robe (chance to affect: 45%)
The orc wizard resists with some effort.
The orc wizard barely misses you.
You closely miss the orc wizard. Your grab misses the orc wizard.
The orc wizard completely misses you.
The orc wizard points at you and mumbles some strange words.
You resist with some effort.
You hit the orc wizard. You grab the orc wizard. You squeeze the orc wizard.
The orc wizard is severely wounded.
You constrict the orc wizard, but do no damage.
The orc wizard hits you with a +0 dagger.
You hit the orc wizard but do no damage.
The orc wizard is severely wounded.
You constrict the orc wizard, but do no damage.
The orc wizard hits you with a +0 dagger.
The scorpion stings you.
You are poisoned.
The scorpion poisons you! The orc wizard barely misses you.
You hit the orc wizard.
You kill the orc wizard!
You feel very sick. The scorpion closely misses you. The scorpion stings you.
Your Short Blades skill increases to level 2!
Casting: Ensorcelled Hibernation (safe; 9% risk of failure)
Confirm with . or Enter, or press ? or * to list all spells.
Aiming: Ensorcelled Hibernation (safe; 9% risk of failure)
Press: ? - help, Shift-Dir - straight line, f - scorpion
Aim: a scorpion (chance to affect: 46%)
The scorpion resists with some effort.
You feel sick. The scorpion stings you.
Casting: Ensorcelled Hibernation (safe; 9% risk of failure)
Confirm with . or Enter, or press ? or * to list all spells.
You don't have enough magic to cast this spell.
Unknown command.
You barely miss the scorpion. Your grab misses the scorpion.
You feel sick. The scorpion stings you.
* * * LOW HITPOINT WARNING * * *
You are lethally poisoned!
The scorpion poisons you! The scorpion stings you.
You die...

#.# #.#.#.#.##.. ...
o........#
.#.#.#.#.#.#..#
......[.......#
.#.#.#.#.#.#.#
....).........#
.#.#.#.#.#.#).##
...........s..###
#.#.#.#.#.#.)@...#
##...........)<..#
#.#.#.#.#.......#
#.....................
......##.#.##..#.....
..........##..# ##.#
######.......# #
####...## .###


You could see a scorpion.

Vanquished Creatures
  Jessica (D:3)
  An orc wizard (D:4)
  3 adders
  A worm (D:2)
  2 dart slugs
  2 orcs (D:4)
  7 ball pythons
  10 bats
  3 endoplasms
  A giant cockroach (D:1)
  3 goblins (D:1)
  8 hobgoblins
  4 jackals (D:3)
  3 quokkas
  5 frilled lizards
  7 kobolds
  10 rats
71 creatures vanquished.

Vanquished Creatures (others)
  2 plants (D:1)
2 creatures vanquished.

Grand Total: 73 creatures vanquished

Notes
Turn   | Place    | Note
-------+----------+-------------------------------------------
     0 | D:1      | howech the Octopode Enchanter began the quest for the Orb.
     0 | D:1      | Reached XP level 1. HP: 11/11 MP: 3/3
    95 | D:1      | Reached XP level 2. HP: 17/17 MP: 5/5
    98 | D:1      | Learned a level 2 spell: Ensorcelled Hibernation
   162 | D:1      | Found a faded altar of an unknown god.
   646 | D:1      | Reached XP level 3. HP: 21/21 MP: 6/6
  1315 | D:2      | Reached skill level 5 in Stealth
  1316 | D:2      | Reached XP level 4. HP: 14/27 MP: 7/7
  1925 | D:2      | Learned a level 1 spell: Slow
  1929 | D:2      | Learned a level 3 spell: Dazzling Flash
  2190 | D:3      | Identified the +5 short sword "Paosyst" {flame, *Corrode
                  | Fly rElec rF+ MP+9}
  2244 | D:3      | Noticed Jessica
  2249 | D:3      | Killed Jessica
  2250 | D:3      | Reached skill level 1 in Ice Magic
  2307 | D:3      | Found Sul Kafu's Distillery.
  2387 | D:3      | Bought a potion of curing for 30 gold pieces
  2387 | D:3      | Bought a potion of heal wounds for 50 gold pieces
  2430 | D:3      | Found a faded altar of an unknown god.
  2430 | D:3      | Found an iron altar of Okawaru.
  2438 | D:3      | Found a faded altar of an unknown god.
  2440 | D:3      | Found a radiant altar of Vehumet.
  2441 | D:3      | Found a hazy altar of Hepliaklqana.
  2523 | D:3      | Reached XP level 5. HP: 10/31 MP: 8/8
  2996 | D:4      | Slain by a scorpion

Illustrated notes

Levels and vault maps discovered:
D:1:      dpeg_arrival_stone_temple_mockup, layout_basic,
          nicolae_ecumenical_snake_handling, serial_bayou,
          serial_bayou_lagoon_a, serial_bayou_shore_a, serial_bayou_pond_b,
          serial_bayou_pond_b, minmay_misc_feat_four_crosses,
          minmay_misc_feat_more_columns
D:2:      layout_basic
D:3:      layout_loops_ring, chequers_temple_overflow_minitemple, serial_shops,
          shop, uniq_jessica
D:4:      layout_loops_cross, zin_scriptorium, hex_medium

Skill      XL: |  1  2  3  4  5 |
---------------+----------------+-----
Stealth        | 5 |  5.7
Ice Magic      | 1 |  1.3
Short Blades   | 2 |  2.0
Dodging        | |  2.8
Spellcasting   | |  2.5
Hexes          | |  3.5

Action                     |  1- 3 |  4- 6 || total
---------------------------+-------+-------++-------
  Melee: Dagger            |    82 |    62 ||   144
         Tentacles         |    17 |     9 ||    26
         Constrict         |    16 |     8 ||    24
         Punch             |       |     2 ||     2
   Cast: Ensorcelled Hiber |       |     6 ||     6
    Use: Scroll            |     2 |     8 ||    10
         Potion            |       |     1 ||     1
   Stab: Sleeping          |    12 |    10 ||    22
 Armour: Skin              |     1 |     7 ||     8
  Dodge: Dodged            |    36 |    54 ||    90

Table legend: (Time is in decaauts)
 A = Elapsed time spent in this place.
 B = Non-inter-level travel time spent in this place.
 C = Inter-level travel time spent in this place.
 D = Time resting spent in this place.
 E = Time spent auto-exploring this place.
 F = Levels seen in this place.
 G = Mean time per level.
                   A        B        C        D        E       F      G
               +--------+--------+--------+--------+--------+-----+--------+
         Total |   3008 |   2945 |     63 |    320 |   1962 |   4 |  752.0 |
       Dungeon |   3008 |   2945 |     63 |    320 |   1962 |   4 |  752.0 |
               +--------+--------+--------+--------+--------+-----+--------+

Top non-repeatable levels by time:
     D:2: 1075 daAuts
     D:3: 1039 daAuts
     D:1: 848 daAuts
     D:4: 45 daAuts
